 Dungeon Crawl Stone Soup version 0.31.0-12-g77e489cdc1 (webtiles) character file.

Game seed: 6315933137334948709

273 Bobsterar the Changeling (level 6, 0/41 HPs)
             Began as an Octopode Shapeshifter on Mar 7, 2024.
             Slain by a gnoll
             ... wielding a +0 club
             ... led by a gnoll bouda
              (6 damage)
             ... on level 4 of the Dungeon.
             The game lasted 00:04:54 (2104 turns).

Bobsterar the Changeling (Octopode Shapeshifter)    Turns: 2104, Time: 00:04:55

Health: 0/41       AC:  1    Str: 18    XL:     6   Next: 24%
Magic:  8/8        EV: 14    Int: 13    God:
Gold:   1280       SH:  0    Dex: 17    Spells: 8/8 levels left

rFire   . . .        o - +7 rapier "Laoh" {heavy, Str+3}
rCold   . . .        (no shield)
rNeg    . . .        (helmet currently unavailable)
rPois   .            (no amulet)
rElec   .            k - +6 ring of dexterity
rCorr   .            n - ring of flight
SInv    .            (no ring)
Will    .....        (no ring)
Stlth   +++          (no ring)
HPRegen 0.26/turn    (no ring)
MPRegen 0.11/turn    (no ring)
                     (no ring)

%: no passive effects
@: beast-form, flying
A: beast (slay +2), almost no armour, amphibious, 8 rings, camouflage 1,
gelatinous body 1, (nimble swimmer 1), tentacles
a: Begin Untransformation


You were on level 4 of the Dungeon.
You were a hulking beast.
You visited 1 branch of the dungeon, and saw 4 of its levels.

You collected 1280 gold pieces.

Inventory:

Hand Weapons
 o - the +7 rapier "Laoh" (weapon) {heavy, Str+3}
   (You found it on level 3 of the Dungeon)

   Str+3:     It affects your strength (+3).
Armour
 e - a +0 barding
 m - the +4 pair of gloves "Uloem" {rN+}
   (You found it on level 2 of the Dungeon)

   rN+:       It protects you from negative energy.
Jewellery
 k - a +6 ring of dexterity (left tentacle)
 n - a ring of flight (right tentacle)
 r - an amulet of faith
Talismans
 b - a beast talisman (active)
 c - a flux talisman
Scrolls
 h - a scroll of summoning {unknown}
 j - 2 scrolls of revelation
 l - 2 scrolls of blinking
Potions
 a - a potion of lignification
 d - 2 potions of brilliance {unknown}
 f - a potion of heal wounds
 g - a potion of might {unknown}
 i - 2 potions of attraction {unknown}
 p - 2 potions of mutation {unknown}
 q - a potion of degeneration {unknown}


   Skills:
 + Level 2.5 Fighting
 + Level 3.0 Dodging
 + Level 3.7 Unarmed Combat
 + Level 1.9 Spellcasting
 * Level 4.4 Shapeshifting


You had 8 spell levels left.
You didn't know any spells.
Your spell library contained the following spells:

 Spells                   Type           Power      Damage    Failure   Level
 Necrotise                Necr           4%         1d4       26%         1
 Mercury Vapours          Alch/Air       2%         N/A       36%         2
 Static Discharge         Conj/Air       2%         3-4/arc   36%         2
 Mephitic Cloud           Conj/Alch/Air  1%         N/A       61%         3
 Vampiric Draining        Necr           1%         2d6       61%         3
 Airstrike                Air            0%         2d(1-17)  95%         4
 Martyr's Knell           Necr/Summ      1%         N/A       95%         4
 Summon Lightning Spire   Summ/Air       1%         N/A       95%         4
 Curse of Agony           Necr           1%         N/A       100%        5
 Freezing Cloud           Conj/Ice/Air   0%         6-21      100%        5
 Conjure Ball Lightning   Conj/Air       0%         3x3d6     100%        6
 Discord                  Hex            0%         N/A       100%        8
 Disjunction              Tloc           0%         N/A       100%        8


Dungeon Overview and Level Annotations

Branches:
Dungeon (4/15)
 Temple: D:4-7

Altars:
Zin


Innate Abilities, Weirdness & Mutations

You are a hulking beast.
Your limbs bulge with bestial killing power. (Slay +2)
You cannot wear most types of armour.
You are amphibious.
You can wear up to eight rings at the same time.
Your skin changes colour to match your surroundings (Stealth+).
Your rubbery body absorbs attacks. (AC +1, EV +1)
((You are camouflaged when in or above water. (Stealth+)))
You have tentacles for arms and can constrict up to eight enemies at once.


Message History

You constrict the orc priest. The gnoll hits you with a +0 club!
The orc priest calls down the wrath of Beogh upon you.
You barely resist. The orc priest closely misses you.
You puncture the orc priest!
You kill the orc priest!
The gnoll barely misses you. x2
Your Dodging skill increases to level 3!
You have reached level 6!
You barely miss the gnoll bouda. You grab the gnoll bouda.
You constrict the gnoll bouda. The gnoll bouda misses you.
The gnoll hits you with a +0 club. The gnoll barely misses you.
The gnoll bouda closely misses you. The gnoll hits you with a +0 club.
The gnoll misses you.
You are too injured to fight recklessly!
You are too injured to fight recklessly!
You are too injured to fight recklessly!
You are too injured to fight recklessly!
You feel much better.
You constrict the gnoll bouda, but do no damage.
The gnoll bouda closely misses you. The gnoll hits you with a +0 club.
The gnoll hits you with a +0 whip.
You puncture the gnoll bouda!
You squeeze the gnoll bouda, but do no damage.
The gnoll bouda is severely wounded.
Your attacks no longer feel as feeble.
You constrict the gnoll bouda, but do no damage.
The gnoll bouda hits you with a +0 club.
The gnoll closely misses you. x2; The gnoll bouda closely misses you.
The gnoll hits you with a +0 club.
You puncture the gnoll bouda!
You kill the gnoll bouda!
The gnoll is no longer moving quickly.
The gnoll hits you with a +0 whip! The gnoll barely misses you.
The gnoll completely misses you. The gnoll hits you with a +0 club.
You puncture the gnoll! You grab the gnoll.
The gnoll is heavily wounded.
You constrict the gnoll. The gnoll hits you with a +0 whip!
* * * LOW HITPOINT WARNING * * *
The gnoll hits you with a +0 club.
You die...

..........#
.........## ......>..
.......# ...... .l..#
###g#.# ##.)h).## ##.#
## ##....g..## #).
##..
#.........###.####...#
#.........#.....#..
#.........#.....#.#
#.........#.....#.#
#^................####
##....................
#.[.......#.....######


You could see an iguana and 2 gnolls.

Vanquished Creatures
  A sky beast (D:4)
  A gnoll bouda (D:4)
  An orc priest (D:4)
  A hound (D:4)
  A gnoll (D:4)
  2 adders
  2 ribbon worms
  A dart slug (D:2)
  3 orcs
  4 endoplasms
  2 giant cockroaches (D:1)
  3 hobgoblins
  3 jackals (D:3)
  9 kobolds
  A quokka (D:2)
  8 ball pythons
  3 bats
  3 frilled lizards
  7 goblins
  7 rats
63 creatures vanquished.

Notes
Turn   | Place    | Note
-------+----------+-------------------------------------------
     0 | D:1      | Bobsterar the Octopode Shapeshifter began the quest for the
                  | Orb.
     0 | D:1      | Reached XP level 1. HP: 13/13 MP: 1/1
   292 | D:1      | Reached XP level 2. HP: 18/18 MP: 2/2
   682 | D:1      | Found a glowing silver altar of Zin.
   761 | D:2      | Identified the +4 pair of gloves "Uloem" {rN+}
   812 | D:2      | Reached XP level 3. HP: 19/23 MP: 3/3
  1198 | D:2      | Identified 2 scrolls of acquirement
  1200 | D:2      | Acquired a +6 ring of dexterity
  1203 | D:2      | Acquired 1029 gold pieces
  1300 | D:3      | Identified the +7 rapier "Laoh" {heavy, Str+3}
  1420 | D:3      | Reached skill level 1 in Spellcasting
  1515 | D:3      | Reached XP level 4. HP: 27/29 MP: 5/5
  1863 | D:4      | Noticed a sky beast
  1869 | D:4      | Killed a sky beast
  1870 | D:4      | Reached skill level 4 in Shapeshifting
  1870 | D:4      | Reached XP level 5. HP: 34/34 MP: 5/7
  2100 | D:4      | Reached XP level 6. HP: 29/41 MP: 8/8
  2104 | D:4      | Slain by a gnoll

Illustrated notes

Levels and vault maps discovered:
D:1:      dpeg_arrival_lava_altar, layout_basic, minmay_tetromino_i4
D:2:      layout_rooms, palyth_stone_intersect, minmay_strange_pillars
D:3:      layout_rooms, minmay_checkerbox
D:4:      layout_rooms, kennysheep_dice

Skill      XL: |  1  2  3  4  5 |
---------------+----------------+-----
Spellcasting   | 1 |  1.9
Fighting       | 2 |  2.5
Shapeshifting  | 4 |  4.4
Dodging        | 3 |  3.0
Unarmed Combat | |  3.7

Action                     |  1- 3 |  4- 6 || total
---------------------------+-------+-------++-------
  Melee: Unarmed           |    53 |       ||    53
         Constrict         |    14 |     9 ||    23
         Tentacles         |    11 |     5 ||    16
         Rapier            |    14 |    31 ||    45
         Punch             |       |     1 ||     1
    Use: Scroll            |     6 |     2 ||     8
         Potion            |       |     1 ||     1
   Stab: Sleeping          |     8 |       ||     8
         Distracted        |     1 |       ||     1
 Armour: Skin              |    22 |    17 ||    39
  Dodge: Dodged            |    41 |    45 ||    86
   Form: Beast             |     2 |       ||     2
                           |     1 |       ||     1
